 Dungeon Crawl Stone Soup version 0.31-a0-590-g8a5a4361df (webtiles) character file.

Game seed: 14018054974368763646

100 Rohain the Chopper (level 4, 0/35 (38) HPs)
             Began as a Gnoll Reaver on Aug 19, 2023.
             Slain by Ijyb
             ... wielding a +0 dagger
              (3 damage)
             ... on level 5 of the Dungeon.
             The game lasted 00:03:32 (2727 turns).

Rohain the Chopper (Gnoll Reaver)                   Turns: 2727, Time: 00:03:33

HP:   0/35 (38)     AC:  1    Str: 13    XL:     4   Next: 73%
MP:   10/11         EV: 11    Int: 13    God:
Gold: 137           SH:  0    Dex: 10    Spells: 10/13 levels left

rFire   . . .        k - +0 great sword
rCold   + . .        (shield currently unavailable)
rNeg    . . .        j - +4 ring mail "Luatoorch" {rC+}
rPois   .            (no helmet)
rElec   .            (no cloak)
rCorr   .            (no gloves)
SInv    .            (no boots)
Will    .....        (no amulet)
Stlth   +            (no ring)
HPRegen 0.25/turn    (no ring)
MPRegen 0.12/turn

%: no passive effects
@: corroded, drained
A: fangs 1, strong nose, distributed training
a: no special abilities


You were on level 5 of the Dungeon.
You visited 1 branch of the dungeon, and saw 4 of its levels.

You collected 137 gold pieces.

Inventory:

Hand Weapons
 a - a +0 hand axe
 k - a +0 great sword (weapon)
Missiles
 l - 5 poisoned darts
Armour
 b - a +1 leather armour
 j - the +4 ring mail "Luatoorch" (worn) {rC+}
   (You found it on level 2 of the Dungeon)

   rC+:       It protects you from cold.
Jewellery
 d - a ring of flight
 n - an amulet of the acrobat
Talismans
 m - a blade talisman
Wands
 h - a wand of acid (12)
Scrolls
 i - 3 scrolls of identify
Potions
 c - a potion of attraction
 e - a potion of berserk rage {unknown}
 f - a potion of degeneration {unknown}
 g - a potion of curing
 o - a potion of invisibility {unknown}


   Skills:
 + Level 4.7 Fighting
 + Level 1.2 Short Blades
 + Level 1.2 Long Blades
 + Level 6.6 Axes
 + Level 1.2 Maces & Flails
 + Level 1.2 Polearms
 + Level 1.2 Staves
 + Level 1.2 Ranged Weapons
 + Level 1.2 Throwing
 + Level 1.2 Armour
 + Level 4.7 Dodging
 + Level 1.2 Stealth
 + Level 1.2 Shields
 + Level 1.2 Unarmed Combat
 + Level 5.1 Spellcasting
 + Level 5.5 Conjurations
 + Level 1.0 Hexes
 + Level 1.0 Summonings
 + Level 1.0 Necromancy
 + Level 1.0 Translocations
 + Level 1.0 Transmutations
 + Level 1.0 Fire Magic
 + Level 1.0 Ice Magic
 + Level 1.0 Air Magic
 + Level 1.0 Earth Magic
 + Level 1.0 Poison Magic
 + Level 1.4 Invocations
 + Level 1.2 Evocations
 + Level 1.0 Shapeshifting


You had 10 spell levels left.
You knew the following spells:

 Your Spells              Type           Power      Damage    Failure   Level
a - Kiss of Death         Conj/Necr      44%        2d8       11%         1
b - Momentum Strike       Conj/Tloc      22%        3d8       16%         2

Your spell library contained the following spells:

 Spells                   Type           Power      Damage    Failure   Level
 Hailstorm                Conj/Ice       11%        3d5       30%         3


Dungeon Overview and Level Annotations

Branches:
Dungeon (3/15)

Altars:
Cheibriados
Xom

Annotations:
D:5 Ijyb


Innate Abilities, Weirdness & Mutations

You have very sharp teeth.
Your uncanny sense of smell can sniff out nearby items.
Your experience applies equally to all skills.


Message History

A dart slug comes into view.
A dart slug is nearby!
Ijyb the Twisted Goblin comes into view.
She is wielding a +0 dagger and carrying a wand of acid.
The dart slug briefly extends its eye-stalks.
The dart slug launches a dart at you. The slug dart misses you.
Casting: Momentum Strike (safe; 16% risk of failure)
Confirm with . or Enter, or press ? or * to list all spells.
Aiming: Momentum Strike (safe; 16% risk of failure)
Press: ? - help, Dir - move target, f - dart slug
Aim: a dart slug (100% to hit)
The concentrated momentum hits the dart slug!
You kill the dart slug!
You are unable to move.
You cannot move.
You cannot move.
Unknown command.
Casting: Momentum Strike (safe; 16% risk of failure)
Confirm with . or Enter, or press ? or * to list all spells.
You cannot redirect your momentum while unable to move.
Unknown command.
Ijyb zaps a wand.
The bolt of acid hits you!
Casting: Momentum Strike (safe; 16% risk of failure)
Confirm with . or Enter, or press ? or * to list all spells.
You cannot redirect your momentum while unable to move.
You cannot move.
You are no longer robbed of momentum.
Ijyb screams, "Me very upset!"
Ijyb zaps a wand.
The bolt of acid hits you. The acid corrodes you!
Ijyb zaps a wand.
The bolt of acid hits you! The acid corrodes you!
It was a potion of curing.
You feel better.
Ijyb zaps a wand.
The bolt of acid hits you!
Ijyb zaps a wand.
The bolt of acid hits you!
* * * LOW HITPOINT WARNING * * *
Ijyb hits you with a +0 dagger.
* * * LOW HITPOINT WARNING * * *
You slash Ijyb!
Ijyb is moderately wounded.
Ijyb hits you with a +0 dagger.
You die...

##...##... ##.........
#..........
#.......... ..........
....... #...# .# ###g#
#. #..@# .. ##...###
.# #......###### ##.#
#...........###...##
#......####..#.....##
##....#.# ###.........
#.#
#..####.###...#.......
#.###.##
#.#...###.......
#.##..# #.#.###
#.......


You could see Ijyb.

Vanquished Creatures
  A hound (D:5)
  2 adders (D:3)
  A worm (D:2)
  3 dart slugs
  An orc (D:5)
  6 ball pythons
  4 bats
  An endoplasm (D:1)
  2 giant cockroaches (D:2)
  2 goblins (D:2)
  4 hobgoblins
  6 jackals (D:2)
  2 frilled lizards (D:1)
  2 kobolds
  5 rats
42 creatures vanquished.

Notes
Turn   | Place    | Note
-------+----------+-------------------------------------------
     0 | D:1      | Rohain the Gnoll Reaver began the quest for the Orb.
     0 | D:1      | Reached XP level 1. HP: 20/20 MP: 6/6
   106 | D:1      | Reached XP level 2. HP: 26/26 MP: 7/7
  1039 | D:2      | Learned a level 2 spell: Momentum Strike
  1124 | D:2      | Identified the +4 ring mail "Luatoorch" {rC+}
  1129 | D:2      | Reached XP level 3. HP: 31/31 MP: 3/9
  1223 | D:2      | Reached skill level 5 in Spellcasting
  1523 | D:2      | Reached skill level 1 in Invocations
  1583 | D:2      | Found a snail-covered altar of Cheibriados.
  2133 | D:3      | Reached skill level 1 in Short Blades
  2133 | D:3      | Reached skill level 1 in Long Blades
  2133 | D:3      | Reached skill level 1 in Maces & Flails
  2133 | D:3      | Reached skill level 1 in Polearms
  2133 | D:3      | Reached skill level 1 in Staves
  2133 | D:3      | Reached skill level 1 in Ranged Weapons
  2133 | D:3      | Reached skill level 1 in Throwing
  2133 | D:3      | Reached skill level 1 in Armour
  2133 | D:3      | Reached skill level 1 in Stealth
  2133 | D:3      | Reached skill level 1 in Shields
  2133 | D:3      | Reached skill level 1 in Unarmed Combat
  2133 | D:3      | Reached skill level 1 in Evocations
  2479 | D:3      | Reached XP level 4. HP: 27/30 MP: 9/11
  2567 | D:3      | You fall into a shaft and drop 2 floors!
  2567 | D:5      | Entered Level 5 of the Dungeon
  2569 | D:5      | Found a shimmering altar of Xom.
  2579 | D:5      | Reached skill level 1 in Hexes
  2579 | D:5      | Reached skill level 1 in Summonings
  2579 | D:5      | Reached skill level 1 in Necromancy
  2579 | D:5      | Reached skill level 1 in Translocations
  2579 | D:5      | Reached skill level 1 in Transmutations
  2579 | D:5      | Reached skill level 1 in Fire Magic
  2579 | D:5      | Reached skill level 1 in Ice Magic
  2579 | D:5      | Reached skill level 1 in Air Magic
  2579 | D:5      | Reached skill level 1 in Earth Magic
  2579 | D:5      | Reached skill level 1 in Poison Magic
  2579 | D:5      | Reached skill level 1 in Shapeshifting
  2713 | D:5      | Noticed Ijyb
  2727 | D:5      | Slain by Ijyb

Illustrated notes

Levels and vault maps discovered:
D:1:      heliophobic_arrival_henge, layout_basic
D:2:      minmay_skewed_foursquare, layout_loops_corners, basic_altar,
          dk_noncrumbling_3, grunt_ministairs_6, kennysheep_generic_room_10
D:3:      layout_basic, trog_three_pillars_becter
D:5:      layout_rooms, mainiacjoe_overflow_alcove_3,
          nicolae_overflow_crystal_walls, minmay_temple_entry_slanted, uniq_ijyb

Skill      XL: |  1  2  3  4 |
---------------+-------------+-----
Spellcasting   | 5 |  5.1
Invocations    | 1 |  1.4
Short Blades   | 1 |  1.2
Long Blades    | 1 |  1.2
Maces & Flails | 1 |  1.2
Polearms       | 1 |  1.2
Staves         | 1 |  1.2
Ranged Weapons | 1 |  1.2
Throwing       | 1 |  1.2
Armour         | 1 |  1.2
Stealth        | 1 |  1.2
Shields        | 1 |  1.2
Unarmed Combat | 1 |  1.2
Evocations     | 1 |  1.2
Hexes          | 1 |  1.0
Summonings     | 1 |  1.0
Necromancy     | 1 |  1.0
Translocations | 1 |  1.0
Transmutations | 1 |  1.0
Fire Magic     | 1 |  1.0
Ice Magic      | 1 |  1.0
Air Magic      | 1 |  1.0
Earth Magic    | 1 |  1.0
Poison Magic   | 1 |  1.0
Shapeshifting  | 1 |  1.0
Fighting       | |  4.7
Axes           | |  6.6
Dodging        | |  4.7
Conjurations   | |  5.5

Action                     |  1- 3 |  4- 6 || total
---------------------------+-------+-------++-------
  Melee: Hand axe          |    51 |       ||    51
         Bite              |     7 |     1 ||     8
         Great sword       |    46 |     6 ||    52
   Cast: Momentum Strike   |     9 |     2 ||    11
         Kiss of Death     |     2 |       ||     2
    Use: Scroll            |     6 |       ||     6
         Potion            |       |     1 ||     1
 Armour: Leather armour    |    14 |       ||    14
         Ring mail         |    31 |     4 ||    35
  Dodge: Dodged            |    86 |     1 ||    87

Table legend: (Time is in decaauts)
 A = Elapsed time spent in this place.
 B = Non-inter-level travel time spent in this place.
 C = Inter-level travel time spent in this place.
 D = Time resting spent in this place.
 E = Time spent auto-exploring this place.
 F = Levels seen in this place.
 G = Mean time per level.
                   A        B        C        D        E       F      G
               +--------+--------+--------+--------+--------+-----+--------+
         Total |   2758 |   2681 |     77 |    379 |   1926 |   4 |  689.5 |
       Dungeon |   2758 |   2681 |     77 |    379 |   1926 |   4 |  689.5 |
               +--------+--------+--------+--------+--------+-----+--------+

Top non-repeatable levels by time:
     D:2: 1301 daAuts
     D:1: 836 daAuts
     D:3: 456 daAuts
     D:5: 163 daAuts
